IL
NEW ORLEANS ZEPHYRS @ INDIANAPOLIS INDIANS
07/21/2044
 
TOP OF THE 1ST
Syracuse Chiefs batting - Pitching for Louisville Bats : LHP Justin Brittain
Pitching: LHP Justin Brittain
Batting: LHB Joseph Martin 0-0: Called Strike
0-1: SINGLE (Groundball, 4MD, EV 100.6 MPH)
Batting: RHB Dylan Phillips 0-0: Ball
1-0: Swinging Strike
1-1: Foul Ball, location: 2F
1-2: Strikes out swinging
Batting: RHB Antonio Gomez 0-0: Ball
Joseph Martin steals 2nd base
1-0: Called Strike
1-1: Fly out, F8 (Flyball, 8RM, EV 84.4 MPH)
Batting: LHB Raul Rojas 0-0: Ball
1-0: Foul Ball, location: 2F
1-1: Foul Ball, location: 2F
1-2: Ball
2-2: Ball
3-2: Strikes out swinging
Top of the 1st over - 0 runs, 1 hit, 0 errors, 1 left on base; Syracuse 0 - Louisville 0
BOTTOM OF THE 1ST
Louisville Bats batting - Pitching for Syracuse Chiefs : LHP Steve Cooper
Pitching: LHP Steve Cooper
Batting: RHB Javier Leyva 0-0: DOUBLE (Line Drive, 9LM, EV 107.5 MPH)
Batting: RHB Takashi Hirai 0-0: Called Strike
0-1: Ball
1-1: Ground out 1-3 (Groundball, 34S, EV 66.9 MPH)
Javier Leyva to third
Batting: RHB Mike Stoll 0-0: Ball
1-0: Ground out 6-3 (Groundball, 6, EV 90.0 MPH)
Javier Leyva scores
Batting: RHB Josh Swartzentruber 0-0: Called Strike
0-1: Ball
1-1: Fly out, F7 (Flyball, 7S, EV 89.4 MPH)
Bottom of the 1st over - 1 run, 1 hit, 0 errors, 0 left on base; Syracuse 0 - Louisville 1
TOP OF THE 2ND
Syracuse Chiefs batting - Pitching for Louisville Bats : LHP Justin Brittain
Batting: RHB Dan Fallon 0-0: Ball
1-0: Called Strike
1-1: Ground out 6-3 (Groundball, 6MS, EV 85.0 MPH)
Batting: RHB Brian Manson 0-0: Ball
1-0: Foul Ball, location: 2F
1-1: Called Strike
1-2: Ball
2-2: Ball
3-2: SINGLE (Flyball, 89S, EV 90.6 MPH)
Batting: RHB Mike Strey 0-0: Ball
1-0: Ball
2-0: Ball
3-0: Base on Balls
Brian Manson to second
Batting: RHB Rene Montoya 0-0: Called Strike
0-1: Ground out 5-3 (Groundball, 5S, EV 75.0 MPH)
Brian Manson to third
Mike Strey to second
Batting: RHB Ryan Short 0-0: Foul Ball, location: 2F
0-1: Swinging Strike
0-2: Fly out, F6 (Line Drive, 6, EV 73.8 MPH)
Top of the 2nd over - 0 runs, 1 hit, 0 errors, 2 left on base; Syracuse 0 - Louisville 1
BOTTOM OF THE 2ND
Louisville Bats batting - Pitching for Syracuse Chiefs : LHP Steve Cooper
Batting: SHB Rodger Chavez 0-0: Fly out, F7 (Line Drive, 7S, EV 101.3 MPH)
Batting: RHB Jack Brewster 0-0: Ball
1-0: Ball
2-0: Ground out 5-3 (Groundball, 56S, EV 86.3 MPH)
Batting: RHB Manny Avalos 0-0: Ball
1-0: SOLO HOME RUN (Flyball, 78XD, EV 104.4 MPH), Distance : 416 ft
Batting: SHB Ian Avelar 0-0: Ground out 5-3 (Groundball, 56, EV 83.1 MPH)
Bottom of the 2nd over - 1 run, 1 hit, 0 errors, 0 left on base; Syracuse 0 - Louisville 2
TOP OF THE 3RD
Syracuse Chiefs batting - Pitching for Louisville Bats : LHP Justin Brittain
Batting: LHB Joseph Martin 0-0: Called Strike
0-1: Ball
1-1: Ball
2-1: Foul Ball, location: 2F
2-2: Ball
3-2: Base on Balls
Batting: RHB Dylan Phillips 0-0: Ball
1-0: Ball
2-0: SINGLE (Line Drive, 4MD, EV 96.9 MPH)
Joseph Martin to second
Batting: RHB Antonio Gomez 0-0: Ball
1-0: Foul Ball, location: 2F
1-1: Ball
2-1: Ball
3-1: Swinging Strike
3-2: Foul Ball, location: 2F
3-2: Base on Balls
Joseph Martin to third
Dylan Phillips to second
Batting: LHB Raul Rojas 0-0: Called Strike
0-1: Ball
1-1: Called Strike
1-2: SINGLE (Line Drive, 78M, EV 103.1 MPH)
Joseph Martin scores
Dylan Phillips to third
Antonio Gomez to second
Runner from 3rd tries for Home, SAFE, throw by LF to home
Batting: RHB Dan Fallon 0-0: Swinging Strike
0-1: Fly out, F9 (Line Drive, 9, EV 85.0 MPH)
Runner from 2nd tags up, OUT at 3rd! 9-5
Batting: RHB Brian Manson 0-0: Ball
1-0: Called Strike
1-1: Ball
2-1: Ball
3-1: Base on Balls
Raul Rojas to second
Batting: RHB Mike Strey 0-0: Ball
1-0: Swinging Strike
1-1: SINGLE (Groundball, 5D, EV 96.3 MPH)
Raul Rojas to third
Brian Manson to second
Batting: RHB Rene Montoya 0-0: Called Strike
0-1: Fly out, F8 (Flyball, 8LS, EV 84.4 MPH)
Top of the 3rd over - 2 runs, 3 hits, 0 errors, 3 left on base; Syracuse 2 - Louisville 2
BOTTOM OF THE 3RD
Louisville Bats batting - Pitching for Syracuse Chiefs : LHP Steve Cooper
Batting: SHB Silvino Manhos 0-0: Ground out 4-3 (Groundball, 4, EV 92.5 MPH)
Batting: RHB Javier Leyva 0-0: SINGLE (Groundball, 6MD, EV 103.1 MPH)
Batting: RHB Takashi Hirai 0-0: Ball
1-0: Swinging Strike
1-1: Foul Ball, location: 2F
1-2: Ball
Javier Leyva steals 2nd base
2-2: SINGLE (Flyball, 89S, EV 96.3 MPH)
Javier Leyva to third
Batting: RHB Mike Stoll 0-0: Called Strike
0-1: Ball
1-1: Ball
2-1: Called Strike
2-2: Strikes out looking
Batting: RHB Josh Swartzentruber 0-0: Ball
1-0: Foul Ball, location: 2F
1-1: Foul Ball, location: 2F
1-2: Ball
2-2: Ground out 1-3 (Groundball, 13, EV 64.4 MPH)
Bottom of the 3rd over - 0 runs, 2 hits, 0 errors, 2 left on base; Syracuse 2 - Louisville 2
TOP OF THE 4TH
Syracuse Chiefs batting - Pitching for Louisville Bats : LHP Justin Brittain
Batting: RHB Ryan Short 0-0: Called Strike
0-1: Fly out, F7 (Line Drive, 7, EV 106.9 MPH)
Batting: LHB Joseph Martin 0-0: Called Strike
0-1: Ball
1-1: DOUBLE (Flyball, 89D, EV 113.8 MPH)
Batting: RHB Dylan Phillips 0-0: Ball
1-0: Foul Ball, location: 2F
1-1: Ground out 4-3 (Groundball, 4M, EV 105.6 MPH)
Joseph Martin to third
Batting: RHB Antonio Gomez 0-0: Ball
1-0: Ball
2-0: Called Strike
2-1: Swinging Strike
2-2: Ball
3-2: Strikes out swinging
Top of the 4th over - 0 runs, 1 hit, 0 errors, 1 left on base; Syracuse 2 - Louisville 2
BOTTOM OF THE 4TH
Louisville Bats batting - Pitching for Syracuse Chiefs : LHP Steve Cooper
Batting: SHB Rodger Chavez 0-0: Swinging Strike
0-1: Swinging Strike
0-2: Strikes out looking
Batting: RHB Jack Brewster 0-0: Ball
1-0: Swinging Strike
1-1: Foul Ball, location: 2F
1-2: Foul Ball, location: 2F
1-2: Foul Ball, location: 2F
1-2: SINGLE (Groundball, 56S, EV 66.9 MPH) (infield hit)
Batting: RHB Manny Avalos 0-0: Ball
1-0: Ball
2-0: Ball
3-0: Base on Balls
Jack Brewster to second
Batting: SHB Ian Avelar 0-0: Ball
1-0: Fielders Choice at 2nd, 6-4 (Groundball, 56D, EV 78.8 MPH)
Jack Brewster to third
Batting: SHB Silvino Manhos 0-0: Ball
1-0: Swinging Strike
1-1: SINGLE (Line Drive, 56D, EV 103.1 MPH)
Jack Brewster scores
Ian Avelar to second
Batting: RHB Javier Leyva 0-0: SINGLE (Groundball, 6D, EV 96.9 MPH)
Ian Avelar to third
Silvino Manhos to second
Runner from 3rd tries for Home, SAFE, throw by LF to home
Batting: RHB Takashi Hirai 0-0: Foul Ball, location: 2F
0-1: SINGLE (Line Drive, 8RS, EV 94.4 MPH)
Silvino Manhos to third
Javier Leyva to second
Runner from 3rd tries for Home, SAFE, throw by CF to home
Pitching: RHP Mo Hook
Batting: RHB Mike Stoll 0-0: Foul Ball, location: 2F
0-1: Ball
1-1: Called Strike
1-2: Strikes out swinging
Bottom of the 4th over - 3 runs, 4 hits, 0 errors, 2 left on base; Syracuse 2 - Louisville 5
TOP OF THE 5TH
Syracuse Chiefs batting - Pitching for Louisville Bats : LHP Justin Brittain
Pitching: LHP Andy Silveira
Batting: LHB Raul Rojas 0-0: Called Strike
0-1: Ball
1-1: Ball
2-1: Fly out, F9 (Flyball, 9LS, EV 88.1 MPH)
Batting: RHB Dan Fallon 0-0: Ball
1-0: Called Strike
1-1: Ball
2-1: Ball
3-1: Base on Balls
Batting: RHB Brian Manson 0-0: Swinging Strike
0-1: Ball
1-1: Ball
2-1: SINGLE (Groundball, P, EV 82.5 MPH) (infield hit)
Dan Fallon to second
Batting: RHB Mike Strey 0-0: Ball
1-0: Called Strike
1-1: Foul Ball, location: 2F
1-2: Strikes out swinging
Batting: RHB Rene Montoya 0-0: Swinging Strike
0-1: Foul Ball, location: 2F
0-2: Strikes out swinging
Top of the 5th over - 0 runs, 1 hit, 0 errors, 2 left on base; Syracuse 2 - Louisville 5
BOTTOM OF THE 5TH
Louisville Bats batting - Pitching for Syracuse Chiefs : RHP Mo Hook
Batting: RHB Josh Swartzentruber 0-0: Foul Ball, location: 2F
0-1: Swinging Strike
0-2: Ground out 6-3 (Groundball, 56, EV 81.9 MPH)
Batting: SHB Rodger Chavez 0-0: Ball
1-0: Ground out 4-3 (Groundball, 34, EV 98.1 MPH)
Batting: RHB Jack Brewster 0-0: Ball
1-0: Ball
2-0: Ball
3-0: Base on Balls
Batting: RHB Manny Avalos 0-0: Ball
1-0: Ball
2-0: Swinging Strike
2-1: Called Strike
2-2: Foul Ball, location: 2F
2-2: Strikes out swinging
Bottom of the 5th over - 0 runs, 0 hits, 0 errors, 1 left on base; Syracuse 2 - Louisville 5
TOP OF THE 6TH
Syracuse Chiefs batting - Pitching for Louisville Bats : LHP Andy Silveira
Batting: RHB Ryan Short 0-0: Ground out 6-3 (Groundball, 56D, EV 102.5 MPH)
Batting: LHB Joseph Martin 0-0: Called Strike
0-1: Called Strike
0-2: Ball
1-2: Ball
2-2: Ball
3-2: Ground out 4-3 (Groundball, 4, EV 101.3 MPH)
Batting: RHB Dylan Phillips 0-0: SINGLE (Groundball, 4M, EV 97.5 MPH) (infield hit)
Batting: RHB Antonio Gomez 0-0: Called Strike
Dylan Phillips steals 2nd base
0-1: Ball
1-1: Foul Ball, location: 2F
1-2: Foul Ball, location: 2F
1-2: Ball
2-2: Ball
3-2: Foul Ball, location: 2F
3-2: Foul Ball, location: 2F
3-2: Foul Ball, location: 2F
3-2: Base on Balls
Pitching: RHP Guo-quiang Chen
Batting: LHB Raul Rojas 0-0: Foul Ball, location: 2F
0-1: Ball
1-1: Ground out U3 (Groundball, 3L, EV 79.4 MPH)
Top of the 6th over - 0 runs, 1 hit, 0 errors, 2 left on base; Syracuse 2 - Louisville 5
BOTTOM OF THE 6TH
Louisville Bats batting - Pitching for Syracuse Chiefs : RHP Mo Hook
Batting: SHB Ian Avelar 0-0: Called Strike
0-1: Foul Ball, location: 2F
0-2: Foul Ball, location: 2F
0-2: Ground out 2-3 (Groundball, 13S, EV 75.6 MPH)
Batting: SHB Silvino Manhos 0-0: Ball
1-0: Ball
2-0: Fly out, F8 (Line Drive, 8RM, EV 91.3 MPH)
Batting: RHB Javier Leyva 0-0: Called Strike
0-1: Foul Ball, location: 2F
0-2: Strikes out looking
Bottom of the 6th over - 0 runs, 0 hits, 0 errors, 0 left on base; Syracuse 2 - Louisville 5
TOP OF THE 7TH
Syracuse Chiefs batting - Pitching for Louisville Bats : RHP Guo-quiang Chen
Batting: RHB Dan Fallon 0-0: Ball
1-0: Ball
2-0: Ball
3-0: Base on Balls
Batting: RHB Brian Manson 0-0: Called Strike
0-1: Ball
1-1: Bunt missed!
1-2: Grounds into double play, 5-4-3 (Groundball, 56, EV 103.1 MPH)
Batting: RHB Mike Strey 0-0: Ball
1-0: Fly out, F7 (Flyball, 78M, EV 85.6 MPH)
Top of the 7th over - 0 runs, 0 hits, 0 errors, 0 left on base; Syracuse 2 - Louisville 5
BOTTOM OF THE 7TH
Louisville Bats batting - Pitching for Syracuse Chiefs : RHP Mo Hook
Batting: RHB Takashi Hirai 0-0: Ball
1-0: Swinging Strike
1-1: SINGLE (Groundball, 6MS, EV 66.3 MPH) (infield hit)
Batting: RHB Mike Stoll 0-0: Ball
1-0: Fielders Choice at 2nd, 6-4 (Groundball, 56, EV 96.9 MPH)
Batting: RHB Josh Swartzentruber 0-0: Foul Ball, location: 2F
0-1: Ball
Mike Stoll steals 2nd base
1-1: Ball
2-1: Called Strike
2-2: Ball
3-2: Base on Balls
Batting: SHB Rodger Chavez 0-0: Ball
Mike Stoll is caught stealing 3rd base 2-5
Josh Swartzentruber to second
1-0: Called Strike
1-1: Foul Ball, location: 2F
1-2: Ball
2-2: Fly out, F8 (Flyball, 78XD, EV 76.3 MPH)
Bottom of the 7th over - 0 runs, 1 hit, 0 errors, 1 left on base; Syracuse 2 - Louisville 5
TOP OF THE 8TH
Syracuse Chiefs batting - Pitching for Louisville Bats : RHP Guo-quiang Chen
Batting: RHB Rene Montoya 0-0: Called Strike
0-1: Ball
1-1: Ball
2-1: Foul Ball, location: 2F
2-2: Foul Ball, location: 2F
2-2: Strikes out swinging
Batting: RHB Ryan Short 0-0: Called Strike
0-1: Ground out 5-3 (Groundball, 5S, EV 88.1 MPH)
Batting: LHB Joseph Martin 0-0: Called Strike
0-1: Ball
1-1: Ball
2-1: Fly out, F9 (Line Drive, 9D, EV 83.8 MPH)
Top of the 8th over - 0 runs, 0 hits, 0 errors, 0 left on base; Syracuse 2 - Louisville 5
BOTTOM OF THE 8TH
Louisville Bats batting - Pitching for Syracuse Chiefs : RHP Mo Hook
Pitching: RHP Jamal Kilburn
Batting: RHB Jack Brewster 0-0: Ball
1-0: Foul Ball, location: 2F
1-1: Ground out 2-3 (Groundball, 15S, EV 72.5 MPH)
Batting: RHB Manny Avalos 0-0: SINGLE (Line Drive, 3D, EV 95.0 MPH)
Batting: SHB Ian Avelar 0-0: Called Strike
0-1: Swinging Strike
0-2: Strikes out looking
Batting: SHB Silvino Manhos 0-0: Fielders Choice at 2nd, 5-4 (Groundball, 5L, EV 83.8 MPH)
Bottom of the 8th over - 0 runs, 1 hit, 0 errors, 1 left on base; Syracuse 2 - Louisville 5
TOP OF THE 9TH
Syracuse Chiefs batting - Pitching for Louisville Bats : RHP Guo-quiang Chen
Pitching: LHP Luis Marmolejos
Batting: RHB Dylan Phillips 0-0: Called Strike
0-1: Swinging Strike
0-2: Strikes out swinging
Batting: RHB Antonio Gomez 0-0: Called Strike
0-1: Ball
1-1: Swinging Strike
1-2: Ball
2-2: Ball
3-2: Foul Ball, location: 2F
3-2: Foul Ball, location: 2F
3-2: Foul Ball, location: 2F
3-2: Base on Balls
Batting: LHB Raul Rojas 0-0: Ball
1-0: Ball
2-0: Called Strike
2-1: Swinging Strike
2-2: Foul Ball, location: 2F
2-2: Ball
3-2: Strikes out looking
Antonio Gomez steals 2nd base (no throw)
Batter strikes out.
Batting: RHB Dan Fallon 0-0: Called Strike
0-1: Swinging Strike
0-2: Strikes out swinging
Top of the 9th over - 0 runs, 0 hits, 0 errors, 1 left on base; Syracuse 2 - Louisville 5
Thursday, March 31st , 2022 - OOTP Baseball 22.12 Build 89